[Event "FIDE Womens Candidates Pool-B 2022-23"]
[Site "Khiva"]
[Date "2022.12.04"]
[Round "1.8"]
[White "Lagno, Kateryna"]
[Black "Tan, Zhongyi"]
[Result "1/2-1/2"]
[ECO "B31"]
[WhiteElo "2563"]
[BlackElo "2514"]
[Annotator "TA"]
[PlyCount "122"]
[EventDate "2022.11.28"]
[EventType "k.o."]
[EventCountry "UZB"]
[SourceTitle "playchess.com"]
[Source "ChessBase"]
[SourceQuality "1"]
[TimeControl "900+10"]

1. e4 c5 2. Nf3 Nc6 3. Bb5 g6 4. O-O Bg7 5. d3 d6 6. c3 {[%emt 0:00:04] B31: Sicilian: 2...Nc6 3 Bb5 g6.} Bg4 7. h3 Bxf3 8. Qxf3 {[%emt 0:00:02] [#]} (8. Bxc6+ {simplifies} bxc6 9. Qxf3 Nf6 10. Bg5) 8... Nf6 $146 ({Predecessor:} 8... Qb6 9. Na3 Nf6 10. e5 dxe5 11. Be3 Nd7 12. b4 O-O 13. Nc4 Qc7 14. bxc5 e4 15. Qxe4 Bxc3 {½-½ (47) Plat,V (2422)-Malinovsky,K (2339) Wroclaw 2010}) 9. e5 (9. Qe2 {simplifies} O-O 10. Nd2 e5 11. Bc4) 9... dxe5 10. Bxc6+ bxc6 11. Qxc6+ Nd7 12. Na3 O-O 13. Nc4 Rc8 14. Qe4 $36 {[%emt 0:00:39][%mdl 2048] White has good play.} Qc7 15. Re1 Rfd8 16. a4 Nb6 ({Better is} 16... f6 $11) 17. Nxe5 $14 Bxe5 18. Qxe5 Qxe5 19. Rxe5 Rxd3 20. Kf1 (20. Rxe7 $16 {And now Bh6 would win.} Rd1+ 21. Kh2) 20... Rd1+ 21. Ke2 Rg1 (21... Rd7 $1 $11 {keeps the balance.}) 22. b3 (22. a5 $1 $16 Nc4 23. Rxe7) 22... c4 $11 23. bxc4 ({But not} 23. Rxe7 cxb3 24. Bb2 Rxg2 $17) 23... Nxc4 ({Don't do} 23... Rxc4 24. Rxe7 Rc8 25. Rxa7 $16 (25. Bb2 Rxa1 26. Bxa1 Nxa4 $14)) 24. Rxe7 a5 (24... Rxg2 $2 25. Bf4 $18) 25. Re4 h5 (25... Rxg2 $2 26. Bf4 $18) 26. g4 hxg4 27. hxg4 f6 28. Bb2 Rxa1 29. Bxa1 {[%emt 0:00:01][%mdl 4096] Endgame KRB-KRN} Kf7 30. Kd3 Ne5+ 31. Kc2 Nc4 {[%emt 0:00:01] Against g5} (31... Ke6 $11) 32. Rd4 (32. Bb2 $14) 32... Ke6 33. Kb3 Ne5 34. Bb2 f5 $2 (34... Rb8+ $11 35. Kc2 Rc8) 35. gxf5+ $18 gxf5 36. Bc1 Ng4 37. f3 $1 Ne5 38. Bf4 (38. f4 $142 $1 Rb8+ 39. Kc2) 38... Nxf3 (38... Nd7 $142) 39. Rd6+ $16 Ke7 $2 {[%emt 0:00:03] [#]} (39... Kf7 $16) 40. Rd5 $2 (40. Rd3 $1 $18 Nh4 41. Bg5+ Ke6 42. Bxh4) 40... Kf6 41. Rxa5 {[%emt 0:00:03] White is more active.} Ne1 (41... Ng1 $16 {keeps fighting.} 42. Ra6+ Kf7) 42. Ra6+ $18 Kf7 {[%emt 0:00:36] [#]} (42... Ke7 {might work better.} 43. Bd6+ Ke8) 43. Rd6 $1 {[%emt 0:00:32] Hoping for a5.} Rb8+ 44. Kc4 Rc8+ 45. Kb4 {[%emt 0:00:45] Black must now prevent a5.} Rb8+ 46. Kc4 {[%emt 0:00:17] a5 is the strong threat.} Rc8+ 47. Kd4 $2 (47. Kb5 $18) 47... Ra8 $11 {[%emt 0:00:01] Inhibits a5.} 48. Ke5 Ra5+ 49. Kd4 Rxa4+ 50. c4 Nf3+ 51. Kd5 Ne1 52. Kc5 Ng2 53. Kb5 Ra2 54. Bg5 Rb2+ 55. Kc6 Rc2 56. c5 Kg7 (56... f4 $11) 57. Kb6 (57. Bf6+ $16 Kf7 58. Bd4) 57... f4 {[%emt 0:00:01][%cal Bf5f4,Bf4f3,Bf3f2][%mdl 32] The position is equal.} 58. c6 f3 59. c7 f2 $1 60. Rf6 {[%emt 0:00:45] Against f1Q} Ne3 $1 61. Kb7 {[%emt 0:00:12][%cal Of6f2] Threatens to win with Rxf2!} Rxc7+ {[%emt 0:00:04] Blacks defense is rewarded with a draw.   Weighted Error Value: White=0.36/Black=0.32} 1/2-1/2

[Event "FIDE Womens Candidates Pool-B 2022-23"]
[Site "Khiva"]
[Date "2022.12.06"]
[Round "2.1"]
[White "Goryachkina, Aleksandra"]
[Black "Tan, Zhongyi"]
[Result "1/2-1/2"]
[ECO "D37"]
[WhiteElo "2584"]
[BlackElo "2514"]
[Annotator "TA"]
[PlyCount "195"]
[EventDate "2022.11.28"]
[EventType "k.o."]
[EventCountry "UZB"]
[SourceTitle "playchess.com"]
[Source "ChessBase"]
[SourceQuality "1"]
[TimeControl "40/5400+30:1800+30"]

1. d4 d5 2. c4 e6 3. Nf3 Nf6 4. Nc3 a6 5. c5 b6 6. cxb6 cxb6 7. Bf4 Bd6 8. e3 O-O 9. Bd3 Bb7 10. O-O Nc6 11. Rc1 h6 12. a3 Bxf4 13. exf4 Qd6 14. g3 Rac8 15. Re1 Ne7 16. Ne5 Rc7 17. Qe2 b5 18. Na2 Rfc8 19. Rxc7 Rxc7 20. Nc1 b4 21. Nb3 bxa3 22. bxa3 Ne4 23. Qb2 Qb6 24. Rb1 f6 25. Ng4 Nf5 26. Ne3 (26. Nc5 Qxb2 27. Rxb2 Nxc5 28. dxc5 d4 $17) 26... Nfd6 27. Bxe4 Nxe4 28. f3 Nc3 29. Rc1 Na4 30. Qd2 Rxc1+ 31. Nxc1 a5 32. Kg2 Nb2 33. Qc3 (33. f5 $5 ) 33... Nc4 34. Nxc4 dxc4 35. Ne2 (35. f5 $11) 35... Bd5 36. Kf2 a4 37. h4 Qb1 38. Qc1 Qb7 39. Qc3 h5 40. Qe3 Kf7 (40... Qb2 41. f5 $11) 41. Qc3 Qb1 42. Qc1 Qa2 43. Ke3 Qb3+ 44. Nc3 Bc6 45. Kf2 Kf8 (45... f5 {with more complications.} 46. Ke3 Bb7 47. Ke2 Ba8) 46. Ke3 Be8 47. Kf2 Bg6 48. d5 exd5 49. Nxd5 Qa2+ 50. Ke3 $1 Bd3 51. Nc3 Qg2 (51... Qb3 {simplifies} 52. Kf2 Bf5 53. Ne2 Kf7) 52. Qe1 (52. Nxa4 $11 Qe2+ 53. Kd4) 52... Qb2 53. Nxa4 Qxa3 54. Nc3 Qb2 ({Weaker is} 54... Qd6 55. Kf2 $15) 55. Nd5 {[%emt 0:00:00] [#]} Kg8 $1 56. Nc3 Kh7 57. Nd1 Qb6+ 58. Kd2 Qb4+ 59. Nc3 Qb2+ 60. Ke3 Qb6+ 61. Kd2 Bg6 62. Qe3 Qb2+ 63. Ke1 Bd3 64. Nd1 Qb4+ (64... Qb1 $17 {Threatens to win with ...Bc2.} 65. Qd2 Qb6) 65. Qd2 (65. Kf2 $11) 65... Qc5 (65... Qb6 $17 66. Qe3 Qa5+ 67. Qd2 Qa7) 66. Qe3 $1 $15 Qa5+ 67. Qd2 $1 Qa1 68. Qb2 (68. Kf2 $15) 68... Qa8 ({Better is} 68... Qa7 $17 {Strongly threatening ...Qg1+.} 69. Qf2 Qa8) 69. Qf2 (69. Kf2 $15) 69... f5 (69... Kh6 $17) 70. Qe3 $11 Bc2 71. Nc3 Qa1+ 72. Kd2 Qb2 73. Ke1 Bd3 74. Nd1 Qb4+ (74... Qg2 $5 75. Qf2 $8 Qh1+ 76. Kd2 Kg8 $11) 75. Qd2 Qb1 76. Kf2 Qb6+ 77. Qe3 Qa5 78. Qe1 Qa2+ 79. Ke3 Bb1 ({Reject} 79... Qa7+ 80. Kd2 $15) 80. Nc3 Qa7+ 81. Kd2 Qd4+ 82. Kc1 Bd3 (82... Ba2 {keeps more tension.} 83. Qe5 Qg1+ 84. Kb2 Qf2+) 83. Kb2 Qb6+ 84. Kc1 $1 Qb7 ({Don't play} 84... Qb3 85. Kd2 $15) 85. Qf2 Qb3 86. Qb2 Kg6 87. Qxb3 cxb3 88. Kb2 Bc2 89. Nb5 Kf6 90. Nd4 Bd1 91. Kc1 Bc2 92. Nxc2 bxc2 93. Kxc2 Ke6 94. Kc3 Kd5 95. Kd3 g6 96. Kc3 $1 Kc5 97. Kd3 Kd5 98. Kc3 1/2-1/2

[Event "FIDE Womens Candidates Pool-B 2022-23"]
[Site "Khiva"]
[Date "2022.12.07"]
[Round "2.2"]
[White "Tan, Zhongyi"]
[Black "Goryachkina, Aleksandra"]
[Result "1/2-1/2"]
[ECO "D36"]
[WhiteElo "2514"]
[BlackElo "2584"]
[Annotator "TA"]
[PlyCount "80"]
[EventDate "2022.11.28"]
[EventType "k.o."]
[EventCountry "UZB"]
[SourceTitle "playchess.com"]
[Source "ChessBase"]
[SourceQuality "1"]
[TimeControl "40/5400+30:1800+30"]

1. d4 d5 2. c4 c6 3. Nf3 Nf6 4. Nc3 e6 5. Bg5 Nbd7 6. cxd5 exd5 7. e3 Be7 8. Bd3 Ne4 9. Bf4 Ndf6 10. Qc2 O-O 11. O-O Bd6 12. Ne5 Re8 13. h3 $1 {[%emt 0:00:26] D36: Queen's Gambit Declined: Exchange Variation: Main line (5 Bg5 c6 6 Qc2).} Nxc3 14. bxc3 Qc7 15. c4 {[%emt 0:06:06] [#]} dxc4 $146 ({Predecessor:} 15... c5 16. Rac1 Be6 17. cxd5 Bxd5 18. Rfd1 Rac8 19. Qb1 Qe7 20. e4 Be6 21. Be3 cxd4 22. Bxd4 Bxe5 23. Bxe5 Bxa2 24. Qxa2 Qxe5 25. Qxa7 {½-½ (31) Sun,W (2318)-Tapia,A (2355) ICCF email 2019}) 16. Bxc4 Be6 17. Nd3 (17. Bxe6 {simplifies} Rxe6 18. Nd3 Bxf4 19. Nxf4 Rd6 20. Rfc1) 17... Bxc4 18. Qxc4 Ne4 {[%emt 0:03:14] [#] Strongly threatening ...Nd2.} 19. Rfd1 {[%emt 0:03:57] Inhibits Nd2.} Bxf4 20. Nxf4 Rad8 21. a4 c5 22. a5 (22. Nd5 $5 Qc6 23. dxc5 Qxc5 24. Qb3 $14) 22... h6 23. Nd5 (23. f3 {simplifies} Nf6 24. Qxc5 Qxc5 25. dxc5 Rxd1+ 26. Rxd1 Rxe3 27. Rd8+) 23... Qd6 (23... Qc6 {simplifies} 24. dxc5 Qxc5 25. Qxc5 Nxc5 26. f3 Kf8) 24. dxc5 Nxc5 (24... Qxc5 {simplifies} 25. Qxc5 Nxc5 26. f3 Kf8) 25. Rd4 (25. Rac1 $5 b6 26. Qb5 $16) 25... Re4 26. Rad1 Rxd4 27. Rxd4 Qf8 28. e4 Ne6 {[%emt 0:01:26] The position is equal.} 29. Rd3 Kh8 30. Rc3 Qd6 31. Rb3 Nc5 32. Rb5 Nxe4 33. Qxe4 a6 34. Rxb7 Qxd5 35. Qxd5 Rxd5 36. Rxf7 Rxa5 $11 {[%emt 0:00:02] KR-KR} 37. Ra7 Kh7 38. g4 h5 39. Kg2 hxg4 40. hxg4 Ra4 {[%emt 0:01:50] Weighted Error Value: White=0.07 (flawless) /Black=0.06 (flawless)} 1/2-1/2

[Event "FIDE Womens Candidates Pool-B 2022-23"]
[Site "Khiva"]
[Date "2022.12.09"]
[Round "2.3"]
[White "Goryachkina, Aleksandra"]
[Black "Tan, Zhongyi"]
[Result "1/2-1/2"]
[ECO "E11"]
[WhiteElo "2584"]
[BlackElo "2514"]
[Annotator "TA"]
[PlyCount "89"]
[EventDate "2022.11.28"]
[EventType "k.o."]
[EventCountry "UZB"]
[SourceTitle "playchess.com"]
[Source "ChessBase"]
[SourceQuality "1"]
[TimeControl "40/5400+30:1800+30"]

1. d4 Nf6 2. c4 e6 3. Nf3 Bb4+ 4. Nbd2 d5 5. e3 O-O 6. Bd3 dxc4 7. Bxc4 b6 {[%emt 0:00:13] E11: Bogo-Indian.} 8. O-O Bb7 9. a3 Be7 {[%emt 0:00:18] The position is equal.} 10. b3 Nbd7 11. Bb2 c5 {[%emt 0:00:07] [#]} 12. Rc1 $146 ({Predecessor:} 12. dxc5 Nxc5 13. b4 Nce4 14. Qe2 Rc8 15. Rfd1 Nxd2 16. Rxd2 Qc7 17. Bd3 Ne4 18. Rc2 Qb8 19. Ne5 Rxc2 20. Bxc2 {1-0 (33) Praggnanandhaa,R (2624)-Yoo,C (2532) Chess.com INT 2022}) 12... a6 13. dxc5 Nxc5 14. Ne5 b5 15. Be2 Rc8 ({Much less strong is} 15... Qd5 16. Bf3 Qd6 17. Qc2 $14) 16. Bd4 Ncd7 17. Rxc8 Qxc8 18. Nxd7 Qxd7 19. b4 Ne4 20. Nxe4 Bxe4 21. Qa1 f6 22. Rd1 Qb7 23. f3 Bd5 24. Rc1 Rc8 25. Rxc8+ Qxc8 26. e4 Bb3 27. Qb2 Qc2 28. Qxc2 Bxc2 $11 {[%emt 0:00:05][%mdl 4096] Endgame KBB-KBB} 29. e5 Kf7 30. Kf2 f5 31. Ke3 Ke8 32. f4 Be4 33. g4 Kd7 34. g5 Kc6 35. Bd1 Bd5 36. h4 a5 37. Bc3 ({Much weaker is} 37. bxa5 Bxa3 38. Kd2 Kb7 $17) 37... axb4 38. Bxb4 Bxb4 39. axb4 {[%emt 0:00:04] KB-KB. White has an edge.} h6 40. Kd4 Bc4 41. Bf3+ Kb6 42. Bh5 Bb3 43. Bg6 Kc6 44. Bh7 Ba2 45. Bg6 {[%emt 0:00:00] A balanced but interesting game.   Weighted Error Value: White=0.02 (flawless) /Black=0.04 (flawless)} 1/2-1/2

[Event "FIDE Womens Candidates Pool-B 2022-23"]
[Site "Khiva"]
[Date "2022.12.10"]
[Round "2.4"]
[White "Tan, Zhongyi"]
[Black "Goryachkina, Aleksandra"]
[Result "1-0"]
[ECO "D52"]
[WhiteElo "2514"]
[BlackElo "2584"]
[Annotator "TA"]
[PlyCount "79"]
[EventDate "2022.11.28"]
[EventType "k.o."]
[EventCountry "UZB"]
[SourceTitle "playchess.com"]
[Source "ChessBase"]
[SourceQuality "1"]
[TimeControl "40/5400+30:1800+30"]

1. d4 d5 2. c4 c6 3. Nf3 Nf6 4. Nc3 e6 5. Bg5 Nbd7 6. e3 Qa5 7. cxd5 Nxd5 8. Rc1 {[%emt 0:00:08] D52: Queen's Gambit Declined: Cambridge Springs Variation.} h6 {[%emt 0:01:18] 8...Bb4 is the modern continuation.} 9. Bh4 Nxc3 10. bxc3 {[%emt 0:00:07][%cal Bb2c3,Bc3c4,Bc4c5][%mdl 32] White has an edge.} Ba3 11. Rc2 b6 12. Nd2 (12. Ne5 Nxe5 13. dxe5 Bb7 $15) 12... Ba6 13. c4 O-O 14. Bd3 c5 15. O-O cxd4 16. exd4 Rfe8 17. Qe2 {[%emt 0:04:38][%cal Oc4c5] [#]} Rac8 $146 {[%emt 0:03:46] Prevents c5.} (17... Bb4 $11 {remains equal.}) ({Predecessor:} 17... Bb4 18. Rd1 Rac8 19. h3 Nf8 20. Qg4 Nd7 21. Qe4 Nf8 22. Qg4 Nd7 23. Qe4 {½-½ (23) Haapamaeki,M (2316)-Raivio,P (2359) ICCF email 2018}) 18. c5 $1 $16 (18. Qe4 $6 g6 $11) 18... Qa4 19. Bxa6 Qxc2 20. Bxc8 Rxc8 21. Qa6 Rc7 22. Bg3 (22. Bd8 $18 Nb8 23. Qxa3) 22... e5 {[%emt 0:01:06] [#]} 23. Nf3 (23. Bxe5 Nxe5 24. cxb6 axb6 25. Qxa3 (25. dxe5 Bc5 $11) 25... Qxd2 $14) 23... Bxc5 24. dxc5 Nxc5 25. Qa3 f6 26. Rc1 Qg6 ({Black should play} 26... Qe2) 27. Nh4 Qf7 28. Rd1 Rd7 29. Rxd7 Qxd7 {[%emt 0:00:02][%cal Rd7d1] [#]} 30. h3 $1 e4 {[%emt 0:05:21] Against Qf3} 31. Bb8 (31. Ng6 $142) 31... g5 32. Qxa7 $1 ({Much weaker is} 32. Ng6 Kf7 33. Ne5+ (33. Nh8+ Kg7 $15) 33... fxe5 $15) 32... gxh4 (32... Qe6 $16) 33. Qxb6 $14 {[%emt 0:00:27][%mdl 4096] Endgame KQB-KQN} Ne6 (33... Qb7 {is tougher.} 34. Qd8+ (34. Qxc5 Qb1+ 35. Kh2 Qxb8+ 36. Kh1 Qb1+ 37. Kh2 Qb8+ 38. Kh1 Qb1+ 39. Kh2 Qb8+ $11) 34... Kg7) 34. a4 $1 $18 {[%emt 0:01:20][%cal Ba2a4,Ba4a5][%mdl 32] Threatens to win with a5.} Kf7 35. a5 Nd4 36. Qc7 Ke8 37. Qc4 {[%emt 0:01:00] Prevents Ne2+.} Qb7 38. Qg8+ ({Inferior is} 38. Qxd4 Qb1+ 39. Kh2 Qxb8+ 40. g3 hxg3+ 41. fxg3 Qb1 $11) 38... Kd7 39. Qf7+ Kc6 40. Qc4+ {[%emt 0:00:06] Weighted Error Value: White=0.07 (flawless) /Black=0.53} 1-0